[Event "Asian Zonal 3.3 2019"]
[Site "Ulaanbaatar"]
[Date "2019.04.13"]
[Round "7.23"]
[White "Danzanjunai, Ganbat"]
[Black "Amgalantengis, Enkh-Amgalan"]
[Result "0-1"]
[ECO "A00"]
[WhiteElo "1608"]
[BlackElo "1832"]
[Annotator "NA RC"]
[PlyCount "108"]
[EventDate "2019.04.07"]
[EventType "swiss"]
[EventRounds "9"]
[EventCountry "MGL"]
[SourceTitle "playchess.com"]
[Source "ChessBase"]
[SourceQuality "1"]
[TimeControl "40/5400+30:1800+30"]

1. e4 c6 2. d4 d5 3. exd5 cxd5 4. Bd3 Nc6 5. c3 Nf6 6. Bf4 e6 7. Nf3 Bd6 8. Bg3 Ne4 9. Nbd2 Nxg3 10. hxg3 h6 11. Qe2 Bd7 12. Ne5 Nxe5 13. dxe5 Bc5 14. Nb3 Qb6 15. O-O O-O 16. g4 Be7 17. g3 f6 18. c4 fxe5 19. cxd5 Bf6 20. dxe6 Bxe6 21. Qe4 Rfd8 22. Rfd1 Rac8 23. Rac1 Rxc1 24. Rxc1 Bd5 25. Bc4 Bxc4 26. Qxc4+ Kh8 27. Qc5 Qxc5 28. Nxc5 Rc8 29. Nd3 Rd8 30. Nc5 Rc8 31. Nd3 Rxc1+ 32. Nxc1 Kg8 33. Kg2 Kf7 34. Kf3 e4+ 35. Kxe4 Bxb2 36. Nd3 Bf6 37. f4 Ke7 38. Kf5 Kd6 39. Kg6 b5 40. Kf5 a5 41. g5 hxg5 42. fxg5 Bc3 43. Ke4 b4 44. Nf4 Be5 45. Kd3 a4 46. Kc2 Bxf4 47. gxf4 Ke6 48. Kd3 b3 49. axb3 axb3 50. Kc3 Kf5 51. Kxb3 Kxf4 52. g6 Kf5 53. Kc4 Kxg6 54. Kd3 Kf5 0-1

[Event "Asian Zonal 3.3 2019"]
[Site "Ulaanbaatar"]
[Date "2019.04.14"]
[Round "8.7"]
[White "Itgelt, Khuyagtsogt"]
[Black "Bilguun, Sumiya"]
[Result "*"]
[ECO "B11"]
[WhiteElo "2056"]
[BlackElo "2488"]
[Annotator "ChessBase"]
[PlyCount "46"]
[EventDate "2019.04.07"]
[EventType "swiss"]
[EventRounds "9"]
[EventCountry "MGL"]
[SourceTitle "playchess.com"]
[Source "ChessBase"]
[SourceQuality "1"]
[TimeControl "40/5400+30:1800+30"]

1. e4 c6 2. Nf3 d5 3. Nc3 Bg4 4. Be2 e6 5. h3 Bh5 6. O-O Nf6 7. Ne5 Bxe2 8. Qxe2 Be7 9. d3 O-O 10. f4 Nbd7 11. Nf3 dxe4 12. dxe4 Nc5 13. Kh2 Qc7 14. Bd2 Rad8 15. e5 Nd5 16. Ne4 Nxe4 17. Qxe4 c5 18. c4 Nb6 19. Ba5 Rd7 20. Rad1 Rfd8 21. Rxd7 Qxd7 22. Rf2 Qc8 23. b3 Rf8 *

[Event "Asian Zonal 3.3 2019"]
[Site "Ulaanbaatar"]
[Date "2019.04.14"]
[Round "8.8"]
[White "Gomez, John Paul"]
[Black "Amartuvshin, Ganzorig"]
[Result "*"]
[ECO "B51"]
[WhiteElo "2460"]
[BlackElo "2373"]
[Annotator "ChessBase"]
[PlyCount "42"]
[EventDate "2019.04.07"]
[EventType "swiss"]
[EventRounds "9"]
[EventCountry "MGL"]
[SourceTitle "playchess.com"]
[Source "ChessBase"]
[SourceQuality "1"]
[TimeControl "40/5400+30:1800+30"]

1. e4 c5 2. Nf3 d6 3. Bb5+ Nd7 4. c3 Ngf6 5. Qe2 a6 6. Ba4 e5 7. O-O Be7 8. d4 O-O 9. Bc2 Qc7 10. Bg5 Re8 11. dxe5 dxe5 12. a4 b6 13. Bxf6 Nxf6 14. Nbd2 Bf8 15. Bd3 Bb7 16. Bc4 Re7 17. Ne1 g6 18. Nc2 Bh6 19. f3 Bc6 20. Rfd1 Qc8 21. Nf1 Qe8 *

[Event "Asian Zonal 3.3 2019"]
[Site "Ulaanbaatar"]
[Date "2019.04.14"]
[Round "8.9"]
[White "Itgelt, Khuyagtsogt"]
[Black "Bilguun, Sumiya"]
[Result "0-1"]
[ECO "A30"]
[WhiteElo "2056"]
[BlackElo "2488"]
[Annotator "ChessBase"]
[PlyCount "72"]
[EventDate "2019.04.07"]
[EventType "swiss"]
[EventRounds "9"]
[EventCountry "MGL"]
[SourceTitle "playchess.com"]
[Source "ChessBase"]
[SourceQuality "1"]
[TimeControl "40/5400+30:1800+30"]

1. d4 Nf6 2. c4 b6 3. g3 Bb7 4. Nf3 g6 5. Bg2 Bg7 6. O-O O-O 7. b3 c5 8. Bb2 cxd4 9. Bxd4 d6 10. Nbd2 Nbd7 11. Qc2 Rc8 12. Qb2 Qc7 13. Rac1 Qb8 14. h3 a6 15. Ne1 b5 16. Bxb7 Qxb7 17. Nd3 Rfe8 18. cxb5 axb5 19. Rxc8 Rxc8 20. Rc1 e5 21. Bc3 Nd5 22. e4 b4 23. Bd4 exd4 24. exd5 Rc3 25. Nf4 Nc5 26. Re1 Be5 27. Ne4 Nxe4 28. Rxe4 Bxf4 29. Rxf4 Qxd5 30. Qd2 Qc6 31. Kh2 Rc1 32. Re4 Qxe4 33. Qxc1 d3 34. Qc8+ Kg7 35. Qd7 Qd4 36. h4 d2 0-1

[Event "Asian Zonal 3.3 2019"]
[Site "Ulaanbaatar"]
[Date "2019.04.14"]
[Round "8.10"]
[White "Gomez, John Paul"]
[Black "Amartuvshin, Ganzorig"]
[Result "1-0"]
[ECO "E12"]
[WhiteElo "2460"]
[BlackElo "2373"]
[Annotator "ChessBase"]
[PlyCount "63"]
[EventDate "2019.04.07"]
[EventType "swiss"]
[EventRounds "9"]
[EventCountry "MGL"]
[SourceTitle "playchess.com"]
[Source "ChessBase"]
[SourceQuality "1"]
[TimeControl "40/5400+30:1800+30"]

1. c4 Nf6 2. Nc3 c5 3. Nf3 b6 4. e3 Bb7 5. d4 cxd4 6. exd4 e6 7. a3 d6 8. Bd3 Be7 9. O-O O-O 10. d5 e5 11. b4 Nbd7 12. Bb2 Nh5 13. g3 f5 14. Nh4 Bxh4 15. Qxh5 Bg5 16. f4 exf4 17. gxf4 Bh6 18. Bxf5 Nf6 19. Be6+ Kh8 20. Qh3 Qc7 21. Nb5 Qxc4 22. Nxd6 Qc2 23. Rf2 Qc7 24. Be5 Rad8 25. Nf5 Qc4 26. Nxh6 gxh6 27. Qxh6 Rg8+ 28. Qg5 Rxg5+ 29. fxg5 Rg8 30. Bxf6+ Rg7 31. Be5 h6 32. g6 1-0

[Event "Asian Zonal 3.3 2019"]
[Site "Ulaanbaatar"]
[Date "2019.04.14"]
[Round "8.14"]
[White "Garidmagnai, Byambasuren"]
[Black "Altanbayar, Tserenpeljee"]
[Result "1-0"]
[ECO "A00"]
[WhiteElo "2313"]
[BlackElo "2060"]
[Annotator "RC"]
[PlyCount "135"]
[EventDate "2019.04.07"]
[EventType "swiss"]
[EventRounds "9"]
[EventCountry "MGL"]
[SourceTitle "playchess.com"]
[Source "ChessBase"]
[SourceQuality "1"]
[TimeControl "40/5400+30:1800+30"]

1. Nf3 Nf6 2. b3 c5 3. Bb2 b6 4. g3 Bb7 5. Bg2 d6 6. d4 Nbd7 7. O-O Rc8 8. c4 cxd4 9. Bxd4 Qc7 10. Re1 Qb8 11. Bb2 a6 12. Nc3 b5 13. cxb5 axb5 14. e4 e6 15. Nd4 Be7 16. Ndxb5 O-O 17. a4 Rfd8 18. Ba3 Ba6 19. Rc1 Nc5 20. b4 Ncd7 21. Nd4 Bc4 22. b5 Ne5 23. Nb1 Qa7 24. Nc6 Rxc6 25. bxc6 Nd3 26. Re3 Nxc1 27. Qxc1 Qxa4 28. Rc3 Ba6 29. c7 Rc8 30. e5 Ne4 31. Rc6 Bg5 32. Qc2 Qxc2 33. Rxc2 d5 34. f4 Bh6 35. Bxe4 dxe4 36. Rc6 Bb7 37. Rd6 f6 38. f5 Be3+ 39. Kg2 fxe5 40. fxe6 Bg5 41. Rd7 e3+ 42. Kf1 Bc6 43. Be7 Bxe7 44. Rxe7 Bb5+ 45. Ke1 Rf8 46. Rf7 Ba6 47. Rxf8+ Kxf8 48. Nc3 Ke7 49. Na4 Kd6 50. e7 Kxe7 51. Nb6 Kf6 52. c8=Q Bxc8 53. Nxc8 Kg5 54. Ke2 Kg4 55. Kxe3 h5 56. Nd6 Kh3 57. Ne4 Kxh2 58. Kf3 h4 59. g4 h3 60. Kf2 Kh1 61. Kg3 Kg1 62. Kxh3 Kf1 63. g5 g6 64. Kg4 Ke2 65. Nd6 Ke3 66. Nf7 e4 67. Ne5 Kd4 68. Nxg6 1-0

[Event "Asian Zonal 3.3 2019"]
[Site "Ulaanbaatar"]
[Date "2019.04.14"]
[Round "8.18"]
[White "Khuslen, Altan-Ochir"]
[Black "Galmandakh, Badrakh"]
[Result "0-1"]
[ECO "A00"]
[WhiteElo "1927"]
[BlackElo "2222"]
[Annotator "RC"]
[PlyCount "112"]
[EventDate "2019.04.07"]
[EventType "swiss"]
[EventRounds "9"]
[EventCountry "MGL"]
[SourceTitle "playchess.com"]
[Source "ChessBase"]
[SourceQuality "1"]
[TimeControl "40/5400+30:1800+30"]

1. e4 d6 2. d4 Nf6 3. Nc3 e5 4. Nf3 Nbd7 5. Bc4 Be7 6. O-O O-O 7. Re1 a6 8. a4 b6 9. h3 Bb7 10. d5 Nc5 11. b4 Ncd7 12. Be3 a5 13. bxa5 Rxa5 14. Nd2 Nc5 15. Bxc5 bxc5 16. Qe2 Qc8 17. Bb5 g6 18. Nc4 Ra8 19. Reb1 Nh5 20. a5 Nf4 21. Qg4 f5 22. exf5 h5 23. Qg3 Rxf5 24. h4 Qd8 25. Ne3 Bxh4 26. Qh2 Ne2+ 27. Bxe2 Bxf2+ 28. Kh1 Bxe3 29. Qg3 Bd4 30. Qxg6+ Kh8 31. Qh6+ Kg8 32. Qg6+ Kh8 33. Qxf5 Qh4+ 34. Qh3 Qxh3+ 35. gxh3 Bxc3 36. Rxb7 Bxa1 37. a6 Kg7 38. Bb5 c4 39. Rxc7+ Kf6 40. Rxc4 Bd4 41. Ra4 Ba7 42. Bc6 Rg8 43. Ra1 Rg3 44. Rf1+ Ke7 45. Rb1 Kf6 46. Rb7 Bc5 47. Rb5 Rxh3+ 48. Kg2 Ra3 49. Bb7 e4 50. Rb1 Ra2 51. Kg3 Kg5 52. Rh1 Rxc2 53. Ra1 Bd4 54. Kh3 Bxa1 55. a7 Be5 56. a8=Q Rh2# 0-1

[Event "Asian Zonal 3.3 2019"]
[Site "Ulaanbaatar"]
[Date "2019.04.14"]
[Round "8.21"]
[White "Amgalantengis, Enkh-Amgalan"]
[Black "Chuluun, Gonchigdorj"]
[Result "1/2-1/2"]
[ECO "A00"]
[WhiteElo "1832"]
[BlackElo "1982"]
[Annotator "NA RC"]
[PlyCount "99"]
[EventDate "2019.04.07"]
[EventType "swiss"]
[EventRounds "9"]
[EventCountry "MGL"]
[SourceTitle "playchess.com"]
[Source "ChessBase"]
[SourceQuality "1"]
[TimeControl "40/5400+30:1800+30"]

1. d4 f5 2. c4 b6 3. Nc3 Nf6 4. Bg5 e6 5. e4 fxe4 6. Nxe4 Bb4+ 7. Nc3 Bb7 8. Nf3 O-O 9. Be2 d6 10. O-O Bxc3 11. bxc3 Nbd7 12. Nd2 e5 13. Bf3 Bxf3 14. Nxf3 Qe8 15. Bxf6 gxf6 16. Qe2 exd4 17. Qxe8 Raxe8 18. cxd4 Re4 19. Rfe1 Rfe8 20. Kf1 Kf8 21. Rxe4 Rxe4 22. Re1 Rxe1+ 23. Kxe1 c5 24. Kd2 Ke7 25. Ke3 a6 26. Ke4 b5 27. cxb5 axb5 28. Kd5 c4 29. Kc6 b4 30. Kb5 b3 31. axb3 cxb3 32. Nd2 b2 33. Kc4 Ke6 34. Kc3 Kd5 35. Kxb2 Kxd4 36. Kc2 Ne5 37. Nb3+ Kc4 38. Nd2+ Kd5 39. Nf1 Ke4 40. Nd2+ Kf4 41. h3 d5 42. Kc3 Nc6 43. Kd3 Ke5 44. Nf3+ Kf4 45. Nd2 h5 46. g3+ Kf5 47. Nb3 Ke5 48. f4+ Kd6 49. g4 hxg4 50. hxg4 1/2-1/2

[Event "Asian Zonal 3.3 2019"]
[Site "Ulaanbaatar"]
[Date "2019.04.14"]
[Round "8.22"]
[White "Amgalanbaatar, Ravdanlkhumbuu"]
[Black "Erkhes, Bayartnar"]
[Result "0-1"]
[ECO "A00"]
[WhiteElo "2081"]
[BlackElo "1778"]
[Annotator "NA RC"]
[PlyCount "74"]
[EventDate "2019.04.07"]
[EventType "swiss"]
[EventRounds "9"]
[EventCountry "MGL"]
[SourceTitle "playchess.com"]
[Source "ChessBase"]
[SourceQuality "1"]
[TimeControl "40/5400+30:1800+30"]

1. d3 d5 2. Nd2 g6 3. e4 c6 4. c3 Bg7 5. Ngf3 Nf6 6. Be2 O-O 7. O-O Re8 8. e5 Nfd7 9. d4 c5 10. Re1 Nc6 11. Nf1 cxd4 12. cxd4 Qb6 13. Ng3 Nf8 14. h3 Ne6 15. Be3 Qxb2 16. Qa4 Qb6 17. Rab1 Qd8 18. Rec1 Nc7 19. Qc2 Ne6 20. h4 Rb8 21. h5 Bd7 22. Bd3 Rc8 23. Qd2 Na5 24. hxg6 hxg6 25. Rxc8 Bxc8 26. Bb5 Rf8 27. Ng5 a6 28. Bd3 b5 29. Nxe6 Bxe6 30. Bh6 Nc4 31. Bxc4 dxc4 32. Rd1 c3 33. Qe3 c2 34. Rc1 Bxh6 35. Qxh6 Qxd4 36. Nf1 Rc8 37. Ne3 Qd2 0-1

[Event "Asian Zonal 3.3 2019"]
[Site "Ulaanbaatar"]
[Date "2019.04.15"]
[Round "9.10"]
[White "Amartuvshin, Ganzorig"]
[Black "Itgelt, Khuyagtsogt"]
[Result "1-0"]
[ECO "A00"]
[WhiteElo "2373"]
[BlackElo "2056"]
[Annotator "RC"]
[PlyCount "53"]
[EventDate "2019.04.07"]
[EventType "swiss"]
[EventRounds "9"]
[EventCountry "MGL"]
[SourceTitle "playchess.com"]
[Source "ChessBase"]
[SourceQuality "1"]
[TimeControl "40/5400+30:1800+30"]

1. d4 Nf6 2. c4 e5 3. dxe5 Ng4 4. Bf4 Nc6 5. Nf3 Bb4+ 6. Bd2 Bc5 7. e3 O-O 8. Be2 Re8 9. O-O Ngxe5 10. Bc3 Nxf3+ 11. Bxf3 Ne5 12. Be2 a5 13. Nd2 Ra6 14. Ne4 Ba7 15. c5 Rh6 16. f4 Qh4 17. h3 Rg6 18. Bxe5 d6 19. Qa4 c6 20. f5 Rxe5 21. Nf6+ Qxf6 22. fxg6 Qg5 23. gxf7+ Kf8 24. Qxa5 Bxc5 25. Qa8 Rxe3 26. Kh1 Qd8 27. Bg4 1-0

[Event "Asian Zonal 3.3 2019"]
[Site "Ulaanbaatar"]
[Date "2019.04.15"]
[Round "9.22"]
[White "Erkhembayar, Tserentsoodol"]
[Black "Khuslen, Altan-Ochir"]
[Result "0-1"]
[ECO "A00"]
[WhiteElo "1757"]
[BlackElo "1927"]
[Annotator "NA RC"]
[PlyCount "96"]
[EventDate "2019.04.07"]
[EventType "swiss"]
[EventRounds "9"]
[EventCountry "MGL"]
[SourceTitle "playchess.com"]
[Source "ChessBase"]
[SourceQuality "1"]
[TimeControl "40/5400+30:1800+30"]

1. c4 c5 2. g3 Nc6 3. Bg2 g6 4. Nc3 Bg7 5. a3 e6 6. d3 Nge7 7. e4 O-O 8. Nge2 b6 9. O-O Bb7 10. Rb1 Nd4 11. Be3 d5 12. exd5 Nxe2+ 13. Nxe2 exd5 14. Bf4 Qc8 15. Bd6 Re8 16. Bxe7 Rxe7 17. cxd5 Rd7 18. Qb3 Qd8 19. Nf4 Be5 20. Ne6 fxe6 21. dxe6 Bd5 22. Bxd5 Rxd5 23. Rbe1 Qd6 24. Re3 Re8 25. Rfe1 Kh8 26. Rxe5 Rxe5 27. Qc3 R8xe6 28. f4 Qxd3 29. fxe5 Qxc3 30. bxc3 Kg7 31. Kf2 Kf7 32. Kf3 Re8 33. Ke4 Rd8 34. h4 Rd2 35. h5 Ke6 36. hxg6 hxg6 37. Re3 g5 38. Kf3 Kf5 39. Re1 Rd3+ 40. Ke2 Rxc3 41. Kd2 Rc4 42. e6 Rd4+ 43. Kc3 Rd8 44. Kc4 Kf6 45. g4 Ke7 46. Kb5 Rd4 47. Ka6 Ra4+ 48. Kb7 Rxa3 0-1

[Event "Asian Zonal 3.3 2019"]
[Site "Ulaanbaatar"]
[Date "2019.04.15"]
[Round "9.23"]
[White "Danzanjunai, Ganbat"]
[Black "Amgalanbaatar, Ravdanlkhumbuu"]
[Result "1/2-1/2"]
[ECO "A00"]
[WhiteElo "1608"]
[BlackElo "2081"]
[Annotator "NA RC"]
[PlyCount "39"]
[EventDate "2019.04.07"]
[EventType "swiss"]
[EventRounds "9"]
[EventCountry "MGL"]
[SourceTitle "playchess.com"]
[Source "ChessBase"]
[SourceQuality "1"]
[TimeControl "40/5400+30:1800+30"]

1. d4 d5 2. Bf4 Nf6 3. e3 e6 4. Nd2 c5 5. c3 Nc6 6. Ngf3 Bd6 7. Bg3 O-O 8. Bd3 Qe7 9. Ne5 Nd7 10. Nxd7 Bxd7 11. Bxd6 Qxd6 12. dxc5 Qxc5 13. Bxh7+ Kxh7 14. Qh5+ Kg8 15. Ne4 Qb5 16. Ng5 Rfe8 17. Qxf7+ Kh8 18. Qh5+ Kg8 19. Qf7+ Kh8 20. Qh5+ 1/2-1/2